 Dungeon Crawl Stone Soup version 0.27-a0-488-g88baaf19db (webtiles) character file.

Game seed: 4257769945092195497

8 Dirtsage the Insei (level 2, 21/22 HPs)
             Began as a Demonspawn Gladiator on Mar 1, 2021.
             Quit the game on level 1 of the Dungeon.
             The game lasted 00:00:30 (340 turns).

Dirtsage the Insei (Demonspawn Gladiator)            Turns: 340, Time: 00:00:30

Health: 21/22      AC:  6    Str: 14    XL:     2   Next: 0%
Magic:  2/2        EV: 11    Int:  9    God:
Gold:   43         SH:  0    Dex: 14    Spells: 1/1 levels left

rFire    . . .     SeeInvis .     - Unarmed
rCold    . . .     Faith    .   (no shield)
rNeg     . . .     Spirit   .   d - +0 ring mail
rPois    .         Reflect  .   b - +0 helmet
rElec    .         Harm     .   (no cloak)
rCorr    .         Rampage  .   (no gloves)
Will     .....                  (no boots)
Stlth    +.........             (no amulet)
HPRegen  0.07/turn              (no ring)
MPRegen  0.08/turn              (no ring)

@: no status effects
A: demonic magic 1
a: no special abilities


You were on level 1 of the Dungeon.
You visited 1 branch of the dungeon, and saw 1 of its levels.

You collected 43 gold pieces.


Innate Abilities, Weirdness & Mutations

Spells you cast may paralyse adjacent enemies.


   Skills:
 - Level 2.0 Fighting
 - Level 1.7 Throwing
 - Level 2.6 Dodging
 + Level 3.2 Unarmed Combat


You had one spell level left.
You didn't know any spells.
Your spell library was empty.

Inventory:

Missiles
 c - 3 throwing nets (quivered) {=f}
Armour
 a - a +0 leather armour
 b - a +0 helmet (worn)
 d - a +0 ring mail (worn)
Scrolls
 e - a scroll of fog {unknown}

Dungeon Overview and Level Annotations

Branches:
Dungeon (1/15)

Altars:

........#
........#
....(.>.#
........#
........#
........#
........#####
......†@....##
#....########..#
#####.# ##.###
.##..#..# #...##
........
###....####
#...#.#
#..........
#...#.#####
#..###....#
.#.#.#.......##
#.#...#..#.
...........#..#
#.#.⌠.#..#


There were no monsters in sight!


Message History

The bat barely misses you.
You hit the bat but do no damage. The bat barely misses you.
The bat closely misses you. The bat misses you. The bat closely misses you.
The bat hits you but does no damage.
Found a leather armour.
You barely miss the bat. The bat hits you but does no damage.
You hit the bat.
The bat is severely wounded.
The bat hits you but does no damage. The bat misses you.
The bat hits you but does no damage.
You hit the bat.
You kill the bat!
No target in view!
Found 14 gold pieces.
You now have 43 gold pieces (gained 14).
You enter the shallow water.
Moving in this stuff is going to be slow.
A rat comes into view.
Found 17 sling bullets.
Found a stone staircase leading down.
The rat bites you.
You barely miss the rat. You closely miss the rat.
The rat bites you but does no damage.
You hit the rat but do no damage. The rat bites you but does no damage.
You hit the rat.
You kill the rat!
You have reached level 2!
Your demonic ancestry asserts itself...
A menacing aura infuses your magic.
Are you sure you want to abandon this character and quit the game? (Confirm with "yes".)

Skill      XL: |  1 |
---------------+----+-----
Unarmed Combat | 3 |  3.2
Fighting       | |  2.0
Throwing       | |  1.7
Dodging        | |  2.6

Action                   || total
-------------------------++-------
Melee: Unarmed           ||    33
Armor: Ring mail         ||    14
Dodge: Dodged            ||    20

Levels and vault maps discovered:
D:1:      dpeg_arrival_court, layout_rooms, fountainhead

Notes
Turn   | Place    | Note
-------+----------+-------------------------------------------
     0 | D:1      | Dirtsage the Demonspawn Gladiator began the quest for the
                  | Orb.
     0 | D:1      | Reached XP level 1. HP: 16/16 MP: 1/1
   166 | D:1      | Reached skill level 3 in Unarmed Combat
   340 | D:1      | Gained mutation: Spells you cast may paralyse adjacent
                  | enemies. [demonic ancestry]
   340 | D:1      | Reached XP level 2. HP: 21/22 MP: 2/2
   340 | D:1      | Quit the game

Vanquished Creatures
  A giant cockroach (D:1)
  A bat (D:1)
  2 frilled lizards (D:1)
  2 goblins (D:1)
  2 kobolds (D:1)
  A rat (D:1)
9 creatures vanquished.

Table legend: (Time is in decaauts)
 A = Elapsed time spent in this place.
 B = Non-inter-level travel time spent in this place.
 C = Inter-level travel time spent in this place.
 D = Time resting spent in this place.
 E = Time spent auto-exploring this place.
 F = Levels seen in this place.
 G = Mean time per level.
                   A        B        C        D        E       F      G
               +--------+--------+--------+--------+--------+-----+--------+
         Total |    338 |    338 |      0 |      0 |    255 |   1 |  338.0 |
       Dungeon |    338 |    338 |      0 |      0 |    255 |   1 |  338.0 |
               +--------+--------+--------+--------+--------+-----+--------+

Top non-repeatable levels by time:
     D:1: 338 daAuts

Table legend:
 A = Non-vault XP
 B = Vault XP
 C = Vault XP percentage of total XP
 D = Non-vault monster count
 E = Vault monster count
 F = Vault count percentage of total count
                 A         B        C        D         E       F
            +---------+---------+-------+---------+---------+-------
      Total |      12 |       0 |   0.0 |       9 |       0 |   0.0
            +---------+---------+-------+---------+---------+-------
        D:1 |      12 |       0 |   0.0 |       9 |       0 |   0.0
            +---------+---------+-------+---------+---------+-------
